 Dungeon Crawl Stone Soup version 0.23-a0-359-g9beedce (webtiles) character file.

358 Yakui the Slasher (level 6, 0/47 HPs)
             Began as a Human Fighter on Oct 23, 2018.
             Was a Follower of Vehumet.
             Slain by a phantom (3 damage)
             ... on level 4 of the Dungeon.
             The game lasted 00:13:28 (5198 turns).

Yakui the Slasher (Human Fighter)                   Turns: 5198, Time: 00:13:29

Health: 0/47       AC:  7    Str: 18    XL:     6   Next: 97%
Magic:  6/6        EV:  7    Int:  9    God:    Vehumet [*.....]
Gold:   125        SH:  9    Dex: 12    Spells: 5/5 levels left

rFire    . . .     SeeInvis .   a - +3 long sword
rCold    . . .     Gourm    .   c - +0 shield
rNeg     . . .     Faith    .   b - +0 scale mail
rPois    .         Spirit   .   o - +0 helmet
rElec    .         Reflect  .   (no cloak)
rCorr    .         Harm     .   (no gloves)
MR       .....                  (no boots)
Stlth    ..........             g - amulet of inaccuracy (curse)
HPRegen  0.15/turn              (no ring)
MPRegen  0.10/turn              (no ring)

@: no status effects
A: no striking features
a: Renounce Religion


You were on level 4 of the Dungeon.
You worshipped Vehumet.
Vehumet was aware of your devotion.
You were not hungry.

You visited 1 branch of the dungeon, and saw 4 of its levels.

You collected 125 gold pieces.

Inventory:

Hand Weapons
 a - a +3 long sword (weapon)
Armour
 b - a +0 scale mail (worn)
 c - a +0 shield (worn)
 o - a +0 helmet (worn)
Jewellery
 g - a cursed amulet of inaccuracy (around neck)
Wands
 l - a wand of flame (30)
 m - a wand of paralysis (13)
Potions
 d - a potion of might
 e - a potion of agility
 h - a potion of cancellation
 i - a potion of resistance {unknown}
 j - a potion of heal wounds {unknown}
 k - 3 potions of haste {unknown}
 n - a potion of mutation {unknown}
Comestibles
 f - 2 rations


   Skills:
 - Level 3.0 Fighting
 * Level 5.7 Long Blades
 - Level 3.0 Armour
 + Level 4.7 Shields


You had 5 spell levels left.
You didn't know any spells.
Your spell library contained the following spells:

 Spells                   Type           Power        Failure   Level  Hunger
 Sandblast                Erth           #.....       99%         1    ##.....
 Corona                   Hex            #......      99%         1    ##.....
 Ensorcelled Hibernation  Hex/Ice        #.....       100%        2    ###....
 Confuse                  Hex            #.......     100%        3    ####...
 Dazzling Spray           Conj/Hex       #.....       100%        3    ####...
 Tukima's Dance           Hex            #.......     100%        3    ####...


Dungeon Overview and Level Annotations

Branches:
Dungeon (4/15)
 Temple: D:4-7

Altars:
Cheibriados
Makhleb
Uskayaw
Vehumet
Yredelemnul


Message History

The puff of flame hits the phantom.
The phantom is lightly damaged.
The phantom hits you.
* * * LOW HITPOINT WARNING * * *
Evoke which item? (* to show all) (? for menu, Esc to quit)
Aiming: Throw Flame
Press: ? - help, Shift-Dir - straight line, f/p - phantom
Aim: a phantom (lightly damaged)
The puff of flame hits the phantom.
The phantom is lightly damaged.
The phantom hits you.
* * * LOW HITPOINT WARNING * * *
Things that are here:
a +0 dagger; a +0 leather armour The phantom hits you.
* * * LOW HITPOINT WARNING * * *
You slash the phantom!
The phantom is moderately damaged.
The phantom hits you.
You die...

### ### ####
#.######.#####..#####
#....................
#.######..####..####.
#)######### #..####.
#..W@..##. ##(......
#########.. #........
.....###......
.8...........
....##....... ##
#..##+#...<..
#..#.##........#
#..#.#.........#
..##..............#


You could see a phantom.

Vanquished Creatures
  2 hounds
  An iguana (D:4)
  Ijyb (D:4)
  2 worker ants (D:4)
  A hound skeleton (D:4)
  Robin (D:2)
  6 adders
  2 oozes (D:1)
  2 worms
  4 dart slugs
  4 leopard geckos
  4 orcs
  A ball python (D:3)
  4 bats
  7 giant cockroaches
  16 goblins
  7 hobgoblins
  4 jackals (D:3)
  A quokka (D:4)
  7 frilled lizards
  9 kobolds
  A leopard gecko skeleton (D:4)
  A quokka skeleton (D:4)
  8 rats
96 creatures vanquished.

Notes
Turn   | Place    | Note
-------+----------+-------------------------------------------
     0 | D:1      | Yakui the Human Fighter began the quest for the Orb.
     0 | D:1      | Reached XP level 1. HP: 18/18 MP: 1/1
    59 | D:1      | Reached XP level 2. HP: 24/24 MP: 2/2
   544 | D:1      | Reached XP level 3. HP: 22/29 MP: 3/3
   545 | D:1      | Reached skill level 3 in Long Blades
  1218 | D:2      | Reached XP level 4. HP: 32/35 MP: 4/4
  2323 | D:3      | Found a radiant altar of Vehumet.
  2505 | D:3      | Became a worshipper of Vehumet
  2589 | D:3      | Reached skill level 4 in Long Blades
  2760 | D:3      | Reached XP level 5. HP: 41/41 MP: 5/5
  2877 | D:3      | Noticed Robin
  3385 | D:3      | Found a basalt altar of Yredelemnul.
  3386 | D:3      | Found a hide-covered altar of Uskayaw.
  3554 | D:3      | Found a burning altar of Makhleb.
  3907 | D:2      | Killed Robin
  4096 | D:3      | Found a snail-covered altar of Cheibriados.
  4165 | D:4      | Reached XP level 6. HP: 46/47 MP: 6/6
  4170 | D:4      | Reached * piety under Vehumet
  4170 | D:4      | Offered knowledge of Sandblast by Vehumet.
  4194 | D:4      | Reached skill level 5 in Long Blades
  4538 | D:4      | Noticed a phantom
  5164 | D:4      | Noticed Ijyb
  5183 | D:4      | Killed Ijyb
  5197 | D:4      | HP: 2/47 [phantom (6)]
  5198 | D:4      | Slain by a phantom

Vault maps used:
D:1:      dpeg_arrival_simpleton_c
D:2:      serial_forest, infiniplex_forest_side_room,
          infiniplex_forest_clump_large, infiniplex_forest_straight_2,
          infiniplex_forest_end_3, infiniplex_forest_diagonal,
          infiniplex_forest_diagonal, infiniplex_forest_lined_ring,
          infiniplex_forest_end_1, minmay_misc_feat_secret_circle
D:3:      kennysheep_slug_shrine, nicolae_overflow_crystal_walls,
          chequers_temple_overflow_statue_of_worship,
          makhleb_blood_cavern_becter, uniq_robin
D:4:      overflow_temple_1_default, lemuel_coloured_pillars_altar,
          serial_park_tiny_2, chequers_serial_rivers_room_b,
          grunt_ministairs_14, grunt_tough_drop, uniq_ijyb, uniq_grinder

Skill      XL: |  1  2  3  4  5  6 |
---------------+-------------------+-----
Long Blades    | 3 4 5 |  5.7
Shields        | 4 |  4.7
Fighting       | |  3.0
Armour         | |  3.0

Action                   |  1- 3 |  4- 6 || total
-------------------------+-------+-------++-------
Melee: Long sword        |   122 |   392 ||   514
Evoke: Wand              |       |     5 ||     5
  Use: Scroll            |     3 |     6 ||     9
 Stab: Paralysed         |       |     2 ||     2
  Eat: Chunk             |     1 |    12 ||    13
       Ration            |       |     1 ||     1
Armor: Scale mail        |    74 |   152 ||   226
Dodge: Dodged            |    37 |   130 ||   167
Block: Shield            |    79 |   225 ||   304
       Rpst.: Long sword |    14 |    34 ||    48

Table legend:
 A = Non-vault XP
 B = Vault XP
 C = Vault XP percentage of total XP
 D = Non-vault monster count
 E = Vault monster count
 F = Vault count percentage of total count
                 A         B        C        D         E       F
            +---------+---------+-------+---------+---------+-------
      Total |     351 |     161 |  31.4 |      78 |      18 |  18.8
            +---------+---------+-------+---------+---------+-------
        D:1 |      55 |       0 |   0.0 |      24 |       0 |   0.0
        D:2 |      46 |      17 |  27.0 |      15 |       2 |  11.8
        D:3 |      77 |      69 |  47.3 |      26 |      13 |  33.3
        D:4 |     173 |      75 |  30.2 |      13 |       3 |  18.8
            +---------+---------+-------+---------+---------+-------
